AoeStats
← Dino Spumoni

Arena

509213900Analyzed
1v1 RM · 6d ago on Sep 25, 2026· 43m 14s· 2 players
Game mode
Random Map
Map size
Tiny (2 player)
Population
200
Speed
Normal
Resources
Standard
Victory
Conquest
Starting age
Dark Age
Ending age
Imperial Age
RankedLock teamsTeams togetherTeam positionsShared explorationLock speedFull tech treeHidden civsTurbo modeCheats
Victory
Defeat
🇬🇧 Vietnamese · United Kingdom
1281
+14
🇨🇱 Britons · Chile
1234
-14
Dino Spumoni
10:53 Feudal Age
14:29 Castle Age
12:44 Double-Bit Axe
13:06 Horse Collar
15:35 Bow Saw
21:19 Wheelbarrow
20:34 Town Watch
20:40 Loom
23:21 Squires
23:53 Scale Mail Armor
24:38 Fletching
25:00 Gold Mining
26:00 Scale Barding Armor
25:52 Bodkin Arrow
26:53 Hand Cart
29:39 Imperial Age
27:23 Husbandry
28:30 Chain Barding Armor
28:42 Hand Cart
30:31 Ballistics
29:50 Cranequins
30:56 Conscription
31:13 Bracer
30:37 Cavalier
32:55 Plate Barding Armor
34:23 Padded Archer Armor
34:23 Heavy Mounted Crossbowman
35:25 Leather Archer Armor
37:24 Ring Archer Armor
39:57 Chain Mail Armor
39:05 Pikeman
40:17 Forging
41:11 Plate Mail Armor
Nerf conqs
10:40 Feudal Age
14:45 Castle Age
13:00 Double-Bit Axe
13:23 Horse Collar
16:24 Bow Saw
20:33 Loom
21:57 Wheelbarrow
21:34 Heavy Plow
23:57 Stone Mining
25:39 Hand Cart
25:17 Fletching
25:47 Elite Skirmisher
29:17 Imperial Age
27:20 Gold Mining
27:53 Ballistics
28:45 Bodkin Arrow
31:18 Two-Man Saw
31:29 Chemistry
30:32 Bracer
31:16 Padded Archer Armor
32:38 Scale Barding Armor
32:57 Imperial Skirmisher
34:53 Bloodlines
35:04 Chain Barding Armor
35:02 Leather Archer Armor
34:37 Elite Battle Elephant
35:38 Chatras
36:32 Plate Barding Armor
36:45 Husbandry
36:43 Town Watch
37:31 Paper Money
37:30 Masonry
37:51 Forging
40:39 Thumb Ring
41:07 Ring Archer Armor
41:14 Iron Casting
42:02 Hoardings
Connection lost

Rejoining the realm…

Still unreachable

The connection could not be restored.

Session expired

The server has moved on; the page needs a fresh start.